AoeStats
← GerbisKhan

Black Forest

508867071Analyzed
3v3 RM · 7d ago on Sep 24, 2026· 52m 33s· 6 players
Game mode
Random Map
Map size
Normal (6 player)
Population
200
Speed
Normal
Resources
Standard
Victory
Conquest
Starting age
Dark Age
Ending age
Imperial Age
RankedLock teamsTeams togetherTeam positionsShared explorationLock speedFull tech treeHidden civsTurbo modeCheats
Victory
Defeat
🇮🇹 Wei · Italy
1062
+20
🇪🇸 Franks · Spain
1047
+14
🇺🇸 Byzantines · United States
1017
+36
🇩🇪 Romans · Germany
1043
-15
🇨🇳 Vietnamese · China
996
-14
🇨🇳 Malians · China
977
-13
Draken_cL
0:55 Loom
13:35 Feudal Age
14:44 Double-Bit Axe
15:12 Horse Collar
16:34 Wheelbarrow
16:53 Gold Mining
19:08 Castle Age
17:09 Fishing Lines
19:04 Forging
18:57 Scale Mail Armor
18:49 Fletching
19:00 Padded Archer Armor
19:13 Stone Mining
23:45 Heavy Plow
25:57 Bow Saw
26:07 Squires
26:16 Pikeman
27:26 Gambesons
28:10 Chain Mail Armor
29:15 Ballistics
28:57 Elite Skirmisher
32:16 Imperial Age
30:35 Gold Shaft Mining
30:18 Gillnets
31:03 Leather Archer Armor
31:36 Bodkin Arrow
32:17 Thumb Ring
32:48 Hand Cart
33:24 Conscription
35:48 Chemistry
35:01 Bracer
35:33 Ring Archer Armor
36:08 Halberdier
37:47 Iron Casting
38:14 Scale Barding Armor
38:40 Plate Mail Armor
38:04 Arson
39:32 Two-Man Saw
39:07 Husbandry
38:30 Heavy Camel Rider
39:39 Chain Barding Armor
42:11 Caravan
43:07 Plate Barding Armor
44:02 Elite Cataphract
53:06 Logistica
GerbisKhan
11:32 Feudal Age
10:39 Loom
15:38 Castle Age
13:43 Horse Collar
13:56 Double-Bit Axe
14:55 Gold Mining
16:29 Bow Saw
20:36 Wheelbarrow
23:18 Pikeman
34:22 Fletching
34:32 Padded Archer Armor
35:18 Hand Cart
36:07 Tuntian
40:10 Imperial Age
37:51 Scale Mail Armor
38:55 Bloodlines
38:46 Husbandry
38:59 Forging
39:04 Chain Mail Armor
38:56 Scale Barding Armor
41:03 Iron Casting
40:52 Squires
40:12 Halberdier
41:19 Conscription
41:31 Parthian Tactics
41:41 Thumb Ring
41:59 Heavy Plow
42:48 Ming Guang Armor
43:19 Ballistics
44:12 Chemistry
45:41 Blast Furnace
45:01 Chain Barding Armor
44:37 Bodkin Arrow
44:57 Leather Archer Armor
45:12 Elite Tiger Cavalry
46:30 Arson
48:12 Bracer
51:39 Caravan
redchochorus
1:49 Loom
11:31 Feudal Age
12:15 Double-Bit Axe
15:01 Gold Mining
17:15 Wheelbarrow
22:31 Castle Age
22:03 Stone Mining
23:40 Bow Saw
26:18 Hand Cart
27:07 Fletching
27:18 Padded Archer Armor
29:58 Ballistics
29:50 Masonry
29:22 Treadmill Crane
30:48 Leather Archer Armor
30:29 Bodkin Arrow
31:27 Gold Shaft Mining
32:18 Ordonnance Companies
36:52 Imperial Age
34:13 Town Watch
37:27 Cranequins
37:32 Heavy Mounted Crossbowman
42:16 Husbandry
41:37 Cavalier
43:05 Hoardings
43:05 Conscription
44:13 Paladin
45:38 Forging
45:34 Scale Barding Armor
48:48 Iron Casting
48:35 Chain Barding Armor
53:49 Blast Furnace
53:27 Plate Barding Armor
Wowa94
1:05 Loom
11:24 Feudal Age
15:59 Castle Age
13:54 Double-Bit Axe
14:03 Stone Mining
14:10 Horse Collar
17:11 Heavy Plow
17:23 Gold Mining
18:11 Bow Saw
21:13 Scale Mail Armor
24:43 Chain Mail Armor
25:31 Forging
27:16 Wheelbarrow
27:32 Elite Skirmisher
28:16 Fletching
拾分
0:27 Loom
14:17 Feudal Age
14:43 Double-Bit Axe
15:11 Horse Collar
16:50 Fishing Lines
22:54 Castle Age
20:48 Stone Mining
20:49 Fletching
21:00 Padded Archer Armor
21:33 Gold Mining
21:55 Forging
21:51 Scale Barding Armor
23:28 Gillnets
23:51 Bow Saw
23:42 Heavy Plow
26:50 Stone Shaft Mining
30:42 Imperial Age
28:26 Bodkin Arrow
29:27 Wheelbarrow
28:38 Town Watch
32:01 Ballistics
31:37 Murder Holes
31:08 Elite Rattan Archer
32:44 Crop Rotation
33:17 Two-Man Saw
32:22 Bracer
32:38 Leather Archer Armor
33:26 Chemistry
32:11 Arrowslits
33:40 Hoardings
34:01 Paper Money
34:10 Caravan
34:27 Husbandry
35:05 Iron Casting
35:26 Thumb Ring
35:33 Bloodlines
35:47 Chain Barding Armor
37:48 Coinage
37:39 Chatras
37:36 Elite Battle Elephant
38:55 Plate Barding Armor
38:52 Ring Archer Armor
40:44 Banking
41:45 Hand Cart
Bbing
0:26 Loom
11:50 Feudal Age
16:44 Castle Age
15:55 Double-Bit Axe
20:48 Horse Collar
21:40 Stone Mining
22:28 Town Watch
24:06 Wheelbarrow
23:56 Heavy Plow
24:56 Gold Mining
30:59 Imperial Age
30:18 Husbandry
30:28 Bloodlines
33:29 Heavy Camel Rider
35:04 Gold Shaft Mining
35:04 Stone Shaft Mining
35:24 Forging
35:19 Scale Barding Armor
35:24 Forging
35:19 Scale Barding Armor
35:24 Forging
35:06 Fletching
37:55 Iron Casting
37:54 Conscription
38:36 Town Patrol
38:51 Hand Cart
39:40 Chain Barding Armor
40:29 Crop Rotation
40:59 Farimba
42:39 Plate Barding Armor
45:11 Bodkin Arrow
44:55 Light Cavalry
48:33 Murder Holes
48:50 Fortified Wall
48:50 Masonry
50:36 Elite Gbeto
Connection lost

Rejoining the realm…

Still unreachable

The connection could not be restored.

Session expired

The server has moved on; the page needs a fresh start.